Map: Ice and Chrome LE

Players

SpeCial

  • Race: Terran Terran
  • League: Diamond
  • Spawn Location: 1:00

LiquidClem (Clem) - Winner!

  • Race: Terran Terran
  • League: Bronze
  • Spawn Location: 7:00

Event: DreamHack SC2 Masters 2020 Fall

VOD

Have the link to the VOD?

Description

Time

  • Played on: Sept. 17, 2020, noon
  • Length: 9:02

All games in this series

Show
View Real Time Build Order
Export as new Build Order

SpeCial Terran 

Build Orders: Gas First Reaper Expand 

Get SALT Encoding   

  12  0:00  SCV  
  13  0:12  SCV  
  14  0:17  Supply Depot  
  14  0:24  SCV  
  14  0:27  Refinery  
  15  0:38  SCV  
  16  0:44  Barracks  
  16  0:50  SCV  
  17  1:03  SCV  
  18  1:15  SCV  
  19  1:31  Reaper, Orbital Command  
  20  1:42  Command Center  
  20  1:53  Factory  
  20  1:57  SCV  
  21  2:03  Marine  
  21  2:07  Supply Depot  
  22  2:10  SCV  
  23  2:17  Refinery  
  23  2:21  Barracks Tech Lab  
  23  2:29  SCV  
  26  2:37  Hellion  
  26  2:41  SCV, Starport  
  27  2:46  Marine  
  28  2:53  SCV  
  28  2:56  Orbital Command  
  31  2:58  Hellion  
  31  3:05  SCV, Barracks Reactor  
  32  3:17  SCV  
  33  3:22  Refinery  
  33  3:24  SCV, Raven  
  36  3:29  Factory Tech Lab  
  36  3:30  SCV  
  36  3:33  Supply Depot  
  37  3:36  SCV  
  38  3:42  SCV  
  38  3:43  Marine x2  
  38  3:48  SCV, Cyclone  
  45  3:54  SCV  
  46  4:00  SCV  
  46  4:02  Command Center  
  47  4:06  Supply Depot  
  47  4:12  SCV x2  
  47  4:14  Raven  
  51  4:18  Marine  
  51  4:19  Marine  
  53  4:28  SCV, Cyclone  
  57  4:34  Supply Depot  
  57  4:35  Marine  
  57  4:38  Marine  
  57  4:44  SCV  
  50  4:49  SCV  
  49  4:53  Marine  
  49  4:56  SCV, Marine  
  48  5:00  Siege Tank  
  48  5:02  SCV  
  48  5:05  Raven  
  54  5:08  SCV  
  54  5:11  Marine  
  54  5:14  SCV, Marine  
  57  5:19  SCV  
  57  5:20  SCV  
  60  5:24  Refinery  
  60  5:26  SCV  
  61  5:29  Marine  
  61  5:31  Barracks  
  61  5:32  Orbital Command, Marine, Siege Tank  
  61  5:34  SCV  
  67  5:38  SCV, Barracks  
  68  5:46  SCV  
  70  5:50  SCV, Supply Depot  
  70  5:58  SCV, Orbital Command  
  70  5:59  Viking x2  
  70  6:00  Marine  
  70  6:02  SCV  
  77  6:05  Siege Tank  
  77  6:08  Engineering Bay  
  77  6:09  Engineering Bay  
  77  6:10  SCV  
  81  6:14  SCV  
  81  6:18  Marine  
  82  6:22  SCV  
  82  6:24  SCV  
  85  6:26  SCV  
  88  6:34  SCV  
  88  6:36  SCV, Marine, Liberator  
  88  6:37  Siege Tank  
  93  6:41  Supply Depot  
  93  6:42  Barracks Reactor, SCV, Liberator  
  93  6:43  Barracks  
  93  6:44  Barracks  
  93  6:46  SCV  
  98  6:47  Barracks Reactor  
  98  6:49  SCV  
  98  6:52  Refinery x2  
  98  6:54  SCV, Marine  
  101  7:01  Terran Infantry Weapons Level 1  
  101  7:02  SCV  
  101  7:08  Terran Infantry Armor Level 1  
  102  7:09  SCV x2, Missile Turret  
  102  7:11  Marine  
  102  7:12  Missile Turret  
  102  7:15  SCV  
  106  7:19  Sensor Tower  
  106  7:20  Marine x2  
  106  7:21  SCV  
  109  7:26  Supply Depot  
  109  7:27  Supply Depot  
  109  7:28  SCV x2  
  109  7:29  Marine  
  112  7:31  Marine  
  112  7:32  Barracks Tech Lab  
  112  7:33  Barracks Reactor, SCV  
  114  7:38  Marine  
  114  7:39  Viking  
  117  7:48  Viking, Command Center, Marine  
  120  7:51  Marine x3  
  120  7:52  Marine  
  120  7:54  SCV  
  120  7:55  SCV  
  125  7:59  Siege Tank  
  125  8:02  Marine  
  129  8:05  Marine  
  129  8:09  Marine x4  
  129  8:10  SCV  
  125  8:13  Liberator  
  125  8:15  Marine  
  125  8:16  Marine  
  125  8:17  Liberator  
  125  8:18  SCV  
  121  8:20  Marine  
  121  8:23  Marine  
  121  8:26  Armory  
  113  8:27  Marine x4  
  113  8:30  Orbital Command  
  120  8:36  Marine x2  
  120  8:41  Marine x2  
  103  8:42  SCV x2  
Show
View Real Time Build Order
Export as new Build Order

LiquidClem Terran - Winner!

Build Orders:  

Get SALT Encoding   

  12  0:02  SCV  
  13  0:14  SCV  
  14  0:17  Supply Depot  
  14  0:26  SCV  
  15  0:29  Refinery  
  15  0:38  SCV  
  16  0:44  Barracks  
  16  0:50  SCV  
  16  0:56  Refinery  
  17  1:03  SCV  
  18  1:15  SCV  
  19  1:30  Orbital Command  
  19  1:31  Reaper  
  20  1:35  Factory  
  20  1:41  Supply Depot  
  20  1:56  SCV  
  21  2:03  Reaper  
  21  2:08  SCV  
  23  2:18  Hellion  
  23  2:22  SCV  
  26  2:26  Command Center  
  26  2:34  SCV  
  26  2:35  Barracks Reactor  
  27  2:40  Supply Depot, Hellion  
  29  2:46  SCV  
  29  2:51  Starport  
  30  2:58  SCV  
  30  3:01  Factory Tech Lab  
  31  3:10  SCV  
  31  3:12  Marine x2  
  34  3:20  Siege Tank  
  34  3:23  SCV, Refinery  
  38  3:30  Marine  
  39  3:37  SCV, Medivac, Marine  
  39  3:41  Orbital Command  
  43  3:48  Marine  
  43  3:49  SCV  
  43  3:54  Cyclone  
  43  3:55  Marine  
  49  4:01  SCV  
  49  4:02  Supply Depot  
  50  4:06  SCV  
  51  4:11  Starport Tech Lab  
  51  4:12  Marine x2  
  51  4:15  SCV  
  54  4:23  SCV  
  55  4:30  SCV  
  56  4:33  Raven  
  56  4:37  Marine x2  
  57  4:39  SCV  
  57  4:44  SCV  
  53  4:47  Siege Tank  
  53  4:52  Supply Depot, Command Center  
  56  4:53  SCV  
  56  4:56  SCV  
  58  5:02  Marine x2  
  58  5:05  SCV, Supply Depot  
  61  5:08  SCV  
  60  5:17  SCV  
  60  5:19  Raven  
  60  5:20  Marine x2  
  62  5:21  Siege Tank  
  62  5:23  SCV  
  66  5:29  SCV  
  67  5:35  SCV  
  67  5:36  Barracks  
  67  5:38  Marine x2  
  67  5:39  Barracks  
  70  5:43  SCV  
  70  5:47  Refinery  
  70  5:49  Supply Depot  
  71  5:52  Engineering Bay  
  71  5:54  Engineering Bay  
  71  5:55  Siege Tank  
  74  5:57  SCV  
  74  6:02  SCV  
  76  6:07  Orbital Command  
  76  6:09  SCV  
  76  6:12  Starport Reactor, Stimpack  
  76  6:13  Marine  
  76  6:14  SCV  
  78  6:21  SCV, Terran Infantry Weapons Level 1, Terran Infantry Armor Level 1  
  79  6:26  SCV, Barracks Tech Lab  
  79  6:29  Siege Tank  
  83  6:33  SCV  
  83  6:36  Marauder  
  83  6:38  SCV  
  83  6:39  Orbital Command  
  87  6:40  Supply Depot  
  87  6:42  Marine  
  87  6:43  Marine  
  87  6:46  SCV  
  89  6:47  Marauder  
  89  6:48  Combat Shield  
  89  6:52  Supply Depot  
  91  6:55  Medivac  
  91  6:59  SCV x2  
  95  7:01  Marine  
  95  7:02  Marine  
  95  7:03  Medivac  
  95  7:06  Supply Depot  
  95  7:07  SCV  
  100  7:13  Marauder x2  
  100  7:14  SCV  
  105  7:17  Supply Depot  
  105  7:21  Missile Turret, Marine x2  
  106  7:23  Siege Tank  
  106  7:24  SCV  
  106  7:25  SCV  
  106  7:26  SCV  
  106  7:29  Medivac  
  114  7:33  Supply Depot  
  114  7:37  Marauder x2  
  116  7:38  Marine x2  
  116  7:40  SCV x2  
  116  7:41  SCV, Supply Depot  
  123  7:45  Barracks  
  123  7:47  Barracks  
  123  7:52  Supply Depot  
  123  7:53  Refinery  
  123  7:54  SCV x3  
  123  7:58  Marauder  
  128  7:59  Marine x3  
  128  8:03  Siege Tank  
  134  8:06  SCV  
  131  8:16  Marine  
  131  8:18  Marine x2  
  131  8:19  SCV, Marauder  
  126  8:24  SCV  
  126  8:25  Armory  
  127  8:33  Marine  
  119  8:34  Marine x2  
  119  8:35  SCV, Widow Mine  
  119  8:36  Marauder, Marine  
  119  8:40  Marine  
  124  8:47  SCV  
  124  8:48  Barracks x2  
  115  8:49  Barracks  

Tags
 
Add a new tag
Caveats
  • Supply blocks, unpowered buildings, or Contaminate may cause inaccurate times.
  • Supply counts are checked every 10 seconds.